Map: 2000 Atmospheres LE

Players

TLHarstem (Harstem) - Winner!

  • Race: Protoss Protoss
  • League: Master

SortOf

  • Race: Zerg Zerg
  • League: Master

Event: DreamHack SC2 Masters 2021 Summer

VOD

Have the link to the VOD?

Description

Time

  • Played on: May 30, 2021, 2:20 p.m.
  • Length: 10:16

All games in this series

Show
View Real Time Build Order
Export as new Build Order

TLHarstem Protoss - Winner!

Build Orders: 1 Gate Expand 

Get SALT Encoding   

  12  0:00  Probe  
  13  0:12  Probe  
  14  0:19  Pylon  
  14  0:24  Probe  
  15  0:37  Probe (Chrono Boost)  
  15  0:41  Gateway  
  16  0:46  Probe (Chrono Boost)  
  17  0:51  Probe  
  17  0:55  Assimilator  
  18  1:03  Probe  
  19  1:16  Probe  
  20  1:27  Nexus  
  20  1:37  Cybernetics Core  
  20  1:40  Probe  
  21  1:51  Assimilator  
  21  1:52  Probe  
  22  1:56  Pylon  
  22  2:04  Probe  
  23  2:11  Adept (Chrono Boost)  
  25  2:16  Probe  
  26  2:24  Stargate  
  26  2:28  Probe (Chrono Boost)  
  27  2:32  Warp Gate  
  29  2:38  Adept  
  29  2:40  Probe (Chrono Boost)  
  29  2:43  Probe (Chrono Boost)  
  31  2:45  Probe (Chrono Boost)  
  32  2:52  Probe  
  32  2:53  Pylon  
  32  2:54  Probe  
  34  3:02  Void Ray (Chrono Boost)  
  34  3:04  Probe  
  35  3:07  Probe  
  42  3:16  Probe  
  42  3:19  Probe  
  44  3:22  Gateway  
  42  3:28  Probe  
  42  3:29  Twilight Council  
  42  3:31  Probe  
  44  3:36  Adept  
  44  3:40  Probe  
  47  3:44  Probe  
  47  3:45  Gateway  
  48  3:50  Pylon  
  48  3:52  Probe  
  49  3:56  Probe  
  49  3:59  Resonating Glaives (Chrono Boost)  
  50  4:04  Probe  
  51  4:11  Probe, Nexus  
  51  4:13  Pylon  
  53  4:21  Adept x2  
  53  4:23  Probe  
  53  4:24  Probe  
  58  4:28  Assimilator  
  58  4:33  Pylon  
  58  4:35  Probe  
  58  4:36  Probe  
  60  4:40  Adept  
  60  4:41  Adept x2  
  66  4:47  Probe, Assimilator  
  66  4:48  Probe  
  69  5:00  Probe  
  69  5:01  Adept x3  
  75  5:10  Probe  
  76  5:14  Probe (Chrono Boost)  
  76  5:19  Robotics Facility  
  76  5:20  Pylon  
  75  5:21  Forge  
  75  5:24  Probe (Chrono Boost)  
  75  5:26  Probe (Chrono Boost), Shield Battery, Sentry  
  75  5:27  Sentry x2  
  75  5:28  Probe (Chrono Boost)  
  82  5:34  Probe x2 (Chrono Boost)  
  85  5:37  Probe (Chrono Boost)  
  85  5:39  Probe (Chrono Boost)  
  84  5:45  Probe  
  84  5:49  Probe  
  84  5:52  Adept  
  84  5:53  Protoss Ground Weapons Level 1 (Chrono Boost)  
  84  5:56  Probe  
  85  5:57  Probe  
  85  6:01  Probe  
  85  6:02  Gateway  
  85  6:03  Assimilator  
  83  6:05  Gateway  
  83  6:06  Gateway, Stalker, Sentry  
  83  6:08  Assimilator  
  83  6:09  Probe x2, Robotics Bay  
  89  6:17  Probe  
  90  6:22  Pylon  
  90  6:23  Pylon  
  90  6:24  Gateway, Blink (Chrono Boost)  
  90  6:26  Photon Cannon  
  90  6:29  Observer, Pylon  
  91  6:38  Probe  
  91  6:39  Stalker x3  
  94  6:50  Gateway  
  94  6:58  Disruptor (Chrono Boost)  
  94  7:02  Photon Cannon  
  94  7:04  Stalker  
  94  7:07  Nexus  
  99  7:08  Stalker x3  
  99  7:09  Pylon  
  105  7:21  Stalker x2  
  109  7:28  Probe  
  110  7:30  Disruptor (Chrono Boost)  
  110  7:31  Photon Cannon, Stalker  
  110  7:33  Shield Battery  
  111  7:38  Stalker x3  
  117  7:44  Adept x2  
  117  7:45  Pylon  
  117  7:47  Probe  
  117  7:51  Stalker x2  
  126  8:07  Stalker x6  
  126  8:10  Pylon  
  138  8:14  Probe, Pylon  
  138  8:19  Probe  
  140  8:21  Pylon  
  140  8:26  Stalker x2  
  144  8:27  Probe  
  145  8:41  Photon Cannon  
  145  8:46  Stalker x6  
  145  8:47  Shield Battery  
  149  8:48  Disruptor (Chrono Boost)  
  152  8:59  Stalker x2  
  156  9:03  Shield Battery  
  156  9:06  Pylon  
  156  9:07  Photon Cannon  
  153  9:13  Stalker x2  
  153  9:14  Stalker  
  158  9:21  Pylon  
  158  9:24  Pylon  
  158  9:29  Stalker x4  
  162  9:32  Adept  
  162  9:49  Stalker x2  
  162  9:50  Stalker  
  166  9:59  Stalker x2  
  171  10:00  Stalker x3  
Show
View Real Time Build Order
Export as new Build Order

SortOf Zerg 

Build Orders: Hatch First, Swarm Host 

Get SALT Encoding   

  12  0:01  Drone  
  13  0:12  Overlord  
  13  0:17  Drone  
  14  0:30  Drone  
  14  0:31  Drone  
  16  0:48  Hatchery  
  15  0:52  Drone  
  15  0:55  Drone  
  17  0:58  Drone  
  18  1:12  Spawning Pool  
  18  1:15  Extractor  
  18  1:18  Drone  
  17  1:20  Drone  
  18  1:28  Drone  
  19  1:38  Drone  
  20  1:49  Overlord  
  20  1:58  Queen  
  22  2:02  Queen  
  22  2:03  Drone, Zergling x2  
  26  2:11  Zergling x2  
  26  2:14  Drone  
  28  2:16  Metabolic Boost  
  28  2:22  Drone  
  29  2:24  Drone  
  30  2:36  Hatchery  
  29  2:39  Drone  
  29  2:44  Queen  
  30  2:46  Zergling x2  
  30  2:50  Overlord  
  33  2:55  Drone  
  33  2:58  Drone  
  35  3:08  Drone, Queen  
  35  3:09  Overlord  
  38  3:13  Drone  
  38  3:14  Drone  
  38  3:15  Drone  
  38  3:17  Drone  
  42  3:20  Drone  
  42  3:23  Drone  
  44  3:27  Overlord  
  44  3:33  Queen  
  46  3:35  Spore Crawler  
  46  3:36  Drone  
  46  3:40  Drone x3  
  49  3:44  Overlord  
  49  3:48  Drone  
  50  3:49  Drone x2  
  50  3:51  Drone  
  50  3:53  Drone  
  54  3:57  Drone x2  
  54  4:00  Overlord  
  56  4:04  Overlord  
  56  4:09  Drone  
  58  4:10  Drone x2  
  58  4:11  Spore Crawler  
  58  4:16  Drone x3  
  58  4:17  Drone  
  62  4:18  Drone  
  62  4:20  Queen  
  62  4:23  Drone  
  62  4:24  Drone  
  67  4:29  Zergling x6  
  70  4:35  Drone x2, Roach Warren  
  70  4:36  Extractor, Drone  
  71  4:40  Lair  
  71  4:43  Drone x2  
  71  4:44  Drone x2  
  75  4:46  Drone x2  
  75  4:48  Spore Crawler  
  75  4:51  Extractor  
  75  4:53  Extractor, Drone x3  
  75  4:55  Drone x3  
  75  4:58  Overlord  
  80  5:02  Overlord  
  80  5:04  Queen  
  80  5:06  Overlord  
  82  5:09  Overlord  
  82  5:10  Overlord  
  82  5:13  Extractor x2  
  79  5:16  Evolution Chamber  
  79  5:21  Roach x5  
  87  5:30  Drone x3  
  90  5:36  Roach x4  
  90  5:40  Queen  
  90  5:41  Roach  
  98  5:45  Roach x3  
  98  5:49  Roach x3  
  105  5:55  Drone x3  
  103  5:58  Drone  
  103  6:00  Drone  
  103  6:03  Drone  
  103  6:11  Drone x4, Infestation Pit  
  106  6:20  Overlord  
  106  6:25  Overlord  
  106  6:29  Overlord  
  106  6:30  Overseer  
  101  6:42  Drone x2  
  101  6:43  Drone, Overlord  
  101  6:44  Drone x3  
  101  6:45  Drone x2  
  101  6:46  Overlord x2  
  109  6:52  Zergling x2  
  110  7:08  Zergling x2  
  110  7:22  Swarm Host x11  
  139  7:31  Drone  
  140  7:39  Roach x9  
  158  7:47  Glial Reconstitution  
  158  7:48  Overlord  
  158  7:50  Roach x2  
  162  7:52  Ravager x4  
  166  7:59  Roach x2  
  163  8:05  Zergling x14  
  170  8:13  Zerg Melee Weapons Level 1  
  170  8:14  Drone x4, Evolution Chamber  
  170  8:15  Baneling Nest  
  172  8:21  Drone x3  
  175  8:31  Hatchery  
  175  8:33  Zergling x8  
  178  8:36  Overlord  
  175  8:44  Drone x7  
  173  8:53  Overlord  
  170  8:59  Overlord x4  
  167  9:04  Ravager x9  
  167  9:05  Ravager  
  174  9:11  Zergling x12  
  174  9:15  Queen  
  179  9:18  Ravager x2  
  179  9:19  Zergling x6  
  179  9:23  Zergling x6  
  187  9:29  Zergling x12  
  192  9:36  Baneling x10  
  192  9:37  Baneling x2  
  192  9:42  Roach x3  
  181  9:50  Roach x5  
Tags
 
Add a new tag
Caveats
  • Supply blocks, unpowered buildings, or Contaminate may cause inaccurate times.
  • Supply counts are checked every 10 seconds.